 Dungeon Sprint DCSS version 0.30-a0-122-g2a1322497e (webtiles) character file.

Game seed: 12896954354699074680

8007 rocky1 the Bludgeoner (level 11, -3/135 HPs)
             Began as an Ogre Gladiator on Sept 16, 2022.
             Was an Initiate of Gozag.
             Slain by an angel
             ... wielding a +3 sacred scourge of holy wrath
              (17 damage)
             ... in the Dungeon (Sprint VII: "The Pits").
             The game lasted 00:11:35 (3875 turns).

rocky1 the Bludgeoner (Ogre Gladiator)              Turns: 3875, Time: 00:11:36

Health: -3/135     AC: 15    Str: 24    XL:     11   Next: 24%
Magic:  11/11      EV: 14    Int:  9    God:    Gozag
Gold:   1381       SH:  0    Dex: 13    Spells: 10/10 levels left

rFire   . . .      SeeInvis .    t - +2 morningstar (protect)
rCold   . . .      Faith    .    (no shield)
rNeg    . . .      Spirit   .    b - +0 robe
rPois   .          Reflect  .    c - +0 hat
rElec   .          Harm     .    w - +0 cloak
rCorr   .          Rampage  .    (gloves unavailable)
Will    +....      NoTele   +    (boots unavailable)
Stlth   +.........               (no amulet)
HPRegen 0.32/turn                l - +3 ring of protection
MPRegen 0.12/turn                q - +3 ring of dexterity

@: mighty, under a protective aura, on berserk cooldown, hasted and slowed,
glowing
A: large, unfitting armour, tough skin 1
a: Renounce Religion, Potion Petition, Call Merchant, Bribe Branch


You were in the Dungeon.
You worshipped Gozag.
Gozag was most pleased with you.
You visited 1 branch You collected 4715 gold pieces.
You spent 468 gold pieces at shops.
You paid 2866 gold pieces to Gozag.

Inventory:

Hand Weapons
 o - a +0 shortbow
 t - a +2 morningstar of protection (weapon)
 u - the +5 flail "Killer Klown's Death" {freeze, rElec}
   (You bought it in a shop in the Dungeon)

   It freezes those it strikes, dealing additional cold damage.
   It can also slow down cold-blooded creatures.
   rElec:     It insulates you from electricity.
Missiles
 a - 3 boomerangs
 d - 2 throwing nets
 e - a large rock (quivered)
Armour
 b - a +0 robe (worn)
 c - a +0 hat (worn)
 w - a +0 cloak (worn)
Jewellery
 l - a +3 ring of protection (left hand)
 q - a +3 ring of dexterity (right hand)
Wands
 v - a wand of iceblast (10)
Scrolls
 k - a scroll of blinking
 m - 5 scrolls of amnesia
 n - a scroll of summoning
Potions
 f - 7 potions of curing
 g - 2 potions of heal wounds
 h - 3 potions of haste
 i - 4 potions of magic
 p - a potion of cancellation
 r - 2 potions of brilliance
 s - a potion of might


   Skills:
 + Level 15.8 Fighting
 + Level 15.8 Maces & Flails
 + Level 2.2 Throwing
 + Level 10.3 Armour
 + Level 11.6 Dodging
 + Level 0.7 Evocations


You had 10 spell levels left.
You didn't know any spells.
Your spell library was empty.

Dungeon Overview and Level Annotations

Branches:
Dungeon (1/1)

Altars:
Ashenzari
Cheibriados
Dithmenos
Elyvilon
Fedhas
Gozag
Hepliaklqana
Kikubaaqudgha
Makhleb
Nemelex Xobeh
Okawaru
Qazlal
Ru
Sif Muna
Trog
Uskayaw
Vehumet
Wu Jian
Xom
Yredelemnul
Zin
The Shining One
Jiyva
Lugonu

Shops:
D (!


Innate Abilities, Weirdness & Mutations

You are too large for most types of armour.
You have tough skin. (AC +1)


Message History

* * * LOW HITPOINT WARNING * * *
The angel misses you.
The rime drake is distracted by your dazzling golden aura.
The rime drake hisses angrily.
You hit the angel.
The angel is almost dead.
You miss the angel.
The angel is almost dead.
The warg is no longer distracted by gold.
The wolf is no longer distracted by gold.
The angel gestures.
The angel is healed somewhat.
Unknown command.
You closely miss the angel.
The angel is almost dead.
The angel gestures.
The angel is healed somewhat.
You sock the angel!
The angel is almost dead.
You completely miss the angel.
The angel is almost dead.
The rime drake is no longer distracted by gold.
The angel hits you with a +3 sacred scourge of holy wrath.
* * * LOW HITPOINT WARNING * * *
The angel hits you with a +3 sacred scourge of holy wrath.
* * * LOW HITPOINT WARNING * * *
You miss the angel.
The angel is almost dead.
The ufetubus is no longer distracted by gold.
The angel misses you.
The angel hits you with a +3 sacred scourge of holy wrath.
* * * LOW HITPOINT WARNING * * *
You miss the angel.
The angel is almost dead.
You are no longer berserk.
You are exhausted.
You feel yourself slow down.
The angel hits you with a +3 sacred scourge of holy wrath!
You die...
Your body crumbles into a pile of gold.

''###### ''##### ###########
......# #.........# $ ......#
##))..)..## $ $ . $ #....##
####..)######## #.. ##''##
###..'))))).##..# ...Z
#....###....##'##y....# .....
......#....##...##yl..#......
......'....+....@Ahk..'......
..)...#....##...##h5..#......
#....###....##)##.....# .....
##''## ###..')..+..##..# ....
#....# ####...######## #..
......# #.......# . ......#
#.........# #######
###########


You could see an angel, a polar bear, a rime drake, a wolf, an iguana, a killer
bee and an ufetubus.

Vanquished Creatures
  A centaur warrior (D)
  A death yak (D)
  A sun demon (D)
  A lindwurm (D)
  An elephant (D)
  Maurice (D)
  2 molten gargoyles (D)
  A smoke demon (D)
  An efreet (D)
  Psyche (D)
  2 kobold demonologists (D)
  A rime drake (D)
  A komodo dragon (D)
  A demonic crawler (D)
  A tyrant leech (D)
  5 dream sheep (D)
  A wyvern (D)
  2 wraiths (D)
  A redback (D)
  2 vampire mosquitoes (D)
  2 centaurs (D)
  A phantom (D)
  A kobold brigand (D)
  A necrophage (D)
  3 killer bees (D)
  An orc priest (D)
  A gnoll bouda (D)
  A hell rat (D)
  2 mummies (D)
  5 gnolls (D)
  3 river rats (D)
  An adder (D)
  An ufetubus (D)
  2 worms (D)
  3 orcs (D)
  A bat (D)
  A bat skeleton (D)
  A quokka (D)
  A frilled lizard (D)
  A goblin (D)
  2 kobolds (D)
  A quokka zombie (D)
  A rat (D)
65 creatures vanquished.

Vanquished Creatures (others)
  An orc wizard (D)
  A gnoll (D)
  An orc (D)
  A hobgoblin (D)
4 creatures vanquished.

Grand Total: 69 creatures vanquished

Notes
Turn   | Place    | Note
-------+----------+-------------------------------------------
     0 | D        | rocky1 the Ogre Gladiator began the quest for the Orb.
     0 | D        | Reached XP level 1. HP: 22/22 MP: 1/1
    23 | D        | Found a bloodstained altar of Trog.
    23 | D        | Found a shimmering blue altar of Sif Muna.
    23 | D        | Found a viscous altar of Jiyva.
    23 | D        | Found a hazy altar of Hepliaklqana.
    23 | D        | Found an opulent altar of Gozag.
    24 | D        | Found a glowing golden altar of the Shining One.
    24 | D        | Found a glowing silver altar of Zin.
    24 | D        | Found a basalt altar of Yredelemnul.
    24 | D        | Found a shimmering altar of Xom.
    24 | D        | Found an ornate altar of the Wu Jian Council.
    24 | D        | Found a sacrificial altar of Ru.
    24 | D        | Found a stormy altar of Qazlal.
    24 | D        | Found an iron altar of Okawaru.
    24 | D        | Found a sparkling altar of Nemelex Xobeh.
    24 | D        | Found a burning altar of Makhleb.
    24 | D        | Found a blossoming altar of Fedhas.
    24 | D        | Found a white marble altar of Elyvilon.
    24 | D        | Found a shadowy altar of Dithmenos.
    24 | D        | Found a snail-covered altar of Cheibriados.
    27 | D        | Found a corrupted altar of Lugonu.
    27 | D        | Found a radiant altar of Vehumet.
    28 | D        | Found an ancient bone altar of Kikubaaqudgha.
    28 | D        | Found a hide-covered altar of Uskayaw.
    28 | D        | Found a broken altar of Ashenzari.
    31 | D        | Became a worshipper of Gozag Ym Sagoz the Greedy
    87 | D        | Reached skill level 1 in Armour
    87 | D        | Reached XP level 2. HP: 32/32 MP: 2/2
   277 | D        | Reached XP level 3. HP: 30/40 MP: 3/3
   356 | D        | Noticed a centaur
   367 | D        | Killed a centaur
   368 | D        | Reached XP level 4. HP: 17/52 MP: 4/4
   725 | D        | Noticed a centaur
   735 | D        | Reached XP level 5. HP: 53/59 MP: 5/5
   750 | D        | Killed a centaur
   751 | D        | Reached skill level 5 in Dodging
   765 | D        | Reached XP level 6. HP: 41/71 MP: 6/6
   967 | D        | Noticed a rime drake
   976 | D        | Killed a rime drake
   977 | D        | Reached skill level 5 in Armour
   977 | D        | Reached XP level 7. HP: 41/83 MP: 7/7
  1341 | D        | Noticed a death yak
  1341 | D        | Noticed a vampire mosquito
  1341 | D        | Noticed a vampire mosquito
  1350 | D        | Killed a vampire mosquito
  1351 | D        | Reached skill level 10 in Fighting
  1351 | D        | Reached skill level 10 in Maces & Flails
  1360 | D        | Killed a death yak
  1361 | D        | Reached XP level 8. HP: 56/97 MP: 8/8
  1738 | D        | Bought a potion of might for 48 gold pieces
  1738 | D        | Bought a potion of haste for 120 gold pieces
  1738 | D        | Bought a potion of cancellation for 96 gold pieces
  1740 | D        | Bought a transparent flail for 204 gold pieces
  1740 | D        | Identified the +5 flail "Killer Klown's Death" {freeze,
                  | rElec} (You bought it in a shop in the Dungeon)
  1756 | D        | Noticed an elephant
  1757 | D        | Noticed a wraith
  1763 | D        | Killed a wraith
  1768 | D        | Killed an elephant
  1769 | D        | Reached XP level 9. HP: 106/106 MP: 9/9
  1803 | D        | Noticed a smoke demon
  1803 | D        | Noticed Maurice
  1803 | D        | Noticed a lindwurm
  1809 | D        | Killed a smoke demon
  1817 | D        | Killed a lindwurm
  1825 | D        | Killed Maurice
  2194 | D        | Noticed a komodo dragon
  2194 | D        | Noticed a demonic crawler
  2194 | D        | Noticed a molten gargoyle
  2224 | D        | Killed a demonic crawler
  2225 | D        | Reached XP level 10. HP: 64/119 MP: 10/10
  2229 | D        | Killed a molten gargoyle
  2230 | D        | Reached skill level 10 in Dodging
  2872 | D        | Noticed Psyche
  2891 | D        | Killed Psyche
  3171 | D        | Noticed a kobold demonologist
  3172 | D        | Noticed a kobold demonologist
  3181 | D        | Killed a kobold demonologist
  3184 | D        | Reached skill level 15 in Fighting
  3184 | D        | Reached skill level 15 in Maces & Flails
  3193 | D        | Noticed a smoke demon
  3194 | D        | Killed a kobold demonologist
  3445 | D        | Noticed a molten gargoyle
  3445 | D        | Noticed a sun demon
  3445 | D        | Noticed a centaur warrior
  3451 | D        | Killed a molten gargoyle
  3452 | D        | Reached XP level 11. HP: 110/132 MP: 11/11
  3456 | D        | Killed a centaur warrior
  3457 | D        | Reached skill level 10 in Armour
  3468 | D        | Killed a sun demon
  3844 | D        | Noticed an angel
  3875 | D        | Slain by an angel

Illustrated notes

Levels and vault maps discovered:
D:        pitsprint [storerooms_1, entrance_room_1, metal_vault_2, armoury_1,
          mini_pit_1, grid_room_1, main_hall_1, silver_pit, the_coven_3,
          the_vestibule_1, steel_vault_5, golden_pit, hallway_of_sentries,
          crystal_vault_6, iron_vault_4, final_vault]

Skill      XL: |  1  2  3  4  5  6  7  8  9 10 11 |
---------------+----------------------------------+-----
Fighting       | 3 4 6 7 9 11 12 13 15 | 15.8
Maces & Flails | 3 4 6 7 9 11 12 13 15 | 15.8
Armour         | 1 2 3 4 5 6 7 8 9 10 | 10.3
Dodging        | 3 4 5 6 8 9 11 | 11.6
Throwing       | |  2.2
Evocations     | |  0.7

Action                   |  1- 3 |  4- 6 |  7- 9 | 10-12 || total
-------------------------+-------+-------+-------+-------++-------
Melee: Flail             |    38 |     5 |       |       ||    43
       Punch             |     2 |     1 |     2 |     1 ||     6
       Mace              |       |    44 |    61 |       ||   105
       Morningstar       |       |       |    34 |   150 ||   184
Throw: Throwing net      |       |     1 |       |       ||     1
Invok: Call Merchant     |       |       |     2 |       ||     2
       Potion Petition   |       |       |     1 |     2 ||     3
Evoke: Wand              |       |       |       |     1 ||     1
  Use: Potion            |     1 |     1 |     8 |     3 ||    13
 Stab: Invisible         |       |     2 |     5 |     1 ||     8
       Held in net/web   |       |     1 |       |       ||     1
Armor: Robe              |    23 |    19 |    33 |    46 ||   121
Dodge: Dodged            |    38 |    28 |    51 |    74 ||   191

Table legend: (Time is in decaauts)
 A = Elapsed time spent in this place.
 B = Non-inter-level travel time spent in this place.
 C = Inter-level travel time spent in this place.
 D = Time resting spent in this place.
 E = Time spent auto-exploring this place.
 F = Levels seen in this place.
 G = Mean time per level.
                   A        B        C        D        E       F      G
               +--------+--------+--------+--------+--------+-----+--------+
         Total |   3824 |   3809 |     15 |   2940 |      0 |   1 | 3824.0 |
       Dungeon |   3824 |   3809 |     15 |   2940 |      0 |   1 | 3824.0 |
               +--------+--------+--------+--------+--------+-----+--------+

Top non-repeatable levels by time:
       D: 3824 daAuts
